Workbook

Sheet Intro
A1: 0. Introduction | G1: Needs revision
A3: Q no | B3: Question | C3: Options | D3: Code | G3: Question (Arabic) | H3: Options (Arabic) | I3: Code (Arabic) | J3: Skip | K3: Constraint
B5: Hello, my name is [name enumerator/operator]. I am calling on behalf of the World Bank. The World Bank is conducting nationwide phone surveys in Sudan to learn about the impact of the current crisis on well-being of the population. If you agree to participate in this survey, we will ask you some questions about your household and food security, as well as your work and income opportunities. Your participation in this survey is voluntary. Each survey will take maximum 15-20 minutes of your time. All your answers will remain confidential. We would like to speak with the main income earner in the household, or the spouse of the main income earner. If this is not you and they are available to speak with me, can you pass the phone to them or give me their phone number? | G5: مرحبًا ، اسمي [اسم الباحث/عامل المُشَغِّل]. أنا أتصل بك نيابة عن البنك الدولي. يجري البنك الدولي مسح عن طريق الهاتف يشمل معظم انحاء السودان للتعرف على وضع الأمن الغذائي للاسر السودانية و سبل العيش. ونتمنى منك مشاركتنا هذا المسح الهام والذي لن يستغرق الكثير من الوقت حوالي 15-20 دقيقة تقريبا كحد اقصى. سنطرح عليك بعض الاسئلة العامة عن وضع الاسرة والأمن الغذائي بالإضافة الى بعض الاسئله عن عمل رب الأسرة و مصادر الدخل المتوفرة. مشاركتك في هذا المسح اختياريه، وستبقة جميع اجاباتك سرية للغاية . نود ان نتحدث مع المعيل الرئيسي للأسره او زوج\ زوجة المعيل الرئيسي. (في حال لم يكن المعيل الرئيسي) هل من الممكن ان اتحدث مع المعيل الرئيسي أو اعطائي رقم هاتفة للتواصل معه.

Sheet Demographic characteristics
B1: 1. Demographic characteristics | E1: Needs revision | G1: =COUNT(B6:B61) -> 12
B3: Q no | C3: Question | D3: Options | E3: Code | H3: Question (Arabic) | I3: Options (Arabic) | J3: Code (Arabic) | K3: Skip | L3: Constraint
B6: 101 | C6: What is your year of birth? | E6: Year | H6: ما هي سنة ميلادك؟ | J6: السنة | K6: If after 2005 (less than 18 years, end survey)
B7: 101_1 | C7: Is there another adult in the household that I can speak to? [Ask If respondent at Q101 is below 18 years old. If no adult available at the moment, call back] | D7: Yes | E7: 1 | H7: هل يوجد شخص بالغ آخر في المنزل يمكنني التحدث إليه؟ | I7: نعم | J7: 1
D8: No | E8: 2 | I8: لا | J8: 2 | K8: إذا كانت بعد 2005 (أقل من 18 عامًا ، يتم انهاء المسح)
B9: =B6+1 -> 102 | C9: Gender RECORD WITHOUT ASKING | D9: Male | E9: 1 | H9: الجنس سجل دون أن تسأل | I9: ذكر | J9: 1
D10: Female | E10: 2 | I10: أنثى | J10: 2
B12: =B9+1 -> 103 | C12: What is your country of citizenship? | D12: Sudan | E12: 1
D13: South Sudan | E13: 2
D14: Somalia | E14: 3
D15: Eritrea | E15: 4
D16: Yemen | E16: 5
D17: Kenya | E17: 6
D18: Ethiopia | E18: 7
D19: Other country (Specify) | E19: 9
B21: =B12+1 -> 104 | C21: Would you describe the area that you live in as a city, a semi-urban area, or rural area? | D21: Urban | E21: 1 | H21: هل تصف المنطقة التي تعيش فيها بأنها مدينة بها أكثر من 2500 شخص ، أم أنها منطقة ريفية بها أقل من 2500 شخص؟ | I21: حضرية | J21: 1
D22: Semi urban | E22: 2 | I22: شبة حضريه | J22: 2
D23: Rural | E23: 3 | I23: ريفية | J23: 3
D24: Not sure | E24: 4 | I24: مناطق نائية | J24: 4
B26: =B21+1 -> 105 | C26: In which state do you currently live? | D26: Codes provided separately | H26: في اي ولاية تعيش اسرتك معظم الوقت خلال الثلاث الاشهر الاخيرة؟ | I26: يتم توفيرالرموز بصورة منفصلة
B28: =B26+1 -> 106 | C28: In which district do you currently live? | D28: Codes provided separately | H28: في أي محلية تعيش أسرتك معظم الوقت خلال الثلاث الاشهر الأخيرة؟ | I28: يتم توفيرالرموز بصورة منفصلة
B30: =B28+1 -> 107 | C30: In which locality do you currently live? | D30: Codes provided separately | H30: في أي محلية تعيش أسرتك معظم الوقت خلال الثلاث الاشهر الأخيرة؟ | I30: يتم توفيرالرموز بصورة منفصلة
B32: =B30+1 -> 108 | C32: What is your highest level of completed education? | D32: No school, cannot read or write | E32: 1 | H32: ما هو أعلى مستوى تحصيل علمي لك؟ | I32: لم أذهب الى المدرسة، لا أستطيع القراءة أو الكتابة | J32: 1
D33: No school, can read and write | E33: =E32+1 -> 2 | I33: لم أذهب الى المدرسة، يمكنني القراءة والكتابة | J33: =J32+1 -> 2
D34: Completed part of first level (part of elementary school) | E34: =E33+1 -> 3 | I34: أكملت جزءا من المستوى الأول (جزءا من المدرسة الابتدائية) | J34: =J33+1 -> 3
D35: Completed elementary | E35: =E34+1 -> 4 | I35: أكملت المرحلة الابتدائية 1-6 | J35: =J34+1 -> 4
D36: Pre-high school diploma | E36: =E35+1 -> 5 | I36: المرحلة الاعدادية 7-9 | J36: =J35+1 -> 5
D37: General high school and equivalent | E37: =E36+1 -> 6 | I37: الثانوية العامة وما يعادلها 10-12 | J37: =J36+1 -> 6
D38: Post high school diploma | E38: =E37+1 -> 7 | I38: دبلوم ما بعد المدرسة الثانوية | J38: =J37+1 -> 7
D39: Bachelor degree/license/or higher | E39: =E38+1 -> 8 | I39: درجة البكالوريوس/شهادة/أو أعلى | J39: =J38+1 -> 8
D40: Other | E40: =E39+1 -> 9 | I40: غير ذلك | J40: =J39+1 -> 9
B42: =B32+1 -> 109 | C42: How many members have been living in the household for at least the past 3 months? A household is defined by all the people who sleep under the same roof and share meals/expenses together for at least 15 days a month. | E42: Household members | H42: كم عدد أفراد الأسرة الذين يعيشون في الأسرة منذ 3 أشهر على الأقل؟ تعرف الأسرة بجميع الأفراد الذين ينامون تحت سقف واحد ويتشاركون الوجبات / النفقات معًا لمدة 15 يوما على الأقل في الشهر. | J42: أفراد أسرة
B44: =B42+1 -> 110 | C44: Of your household members, how many are children less than 15 years old? | E44: Household members | H44: من بين أفراد أسرتك ، كم عدد الأطفال الذين تقل أعمارهم عن 15 عامًا؟ | J44: أفراد أسرة | L44: =CONCATENATE("=< Q", B42) -> =< Q109
B45: =B44+1 -> 111 | C45: What is your relationship to the head of household | D45: I am the head (or joint head) of the household | E45: 1 | H45: ما هي علاقتك برب الأسرة؟ | I45: أنا رب الأسرة (أو رب الأسرة المشترك) | J45: 1
D46: Spouse of household head | E46: 2 | I46: زوج \ زوجة رب الأسرة | J46: 2
D47: Son or daughter of household head | E47: 3 | I47: ابن أو ابنة رب الأسرة | J47: 3
D48: Son or daughter in law of household head | E48: 4 | I48: زوج ابنة أو زوجة ابن رب الأسرة | J48: 4
D49: Parent of household head | E49: 5 | I49: والد رب الأسرة | J49: 5
D50: Brother or sister of household head | E50: 6 | I50: أخ أو أخت رب الأسرة | J50: 6
D51: Other relative of household head | E51: 7 | I51: قريب آخر لرب الأسرة | J51: 7
D52: Not directly related to household head, specify | E52: 8 | I52: لا تربطني علاقة مباشرة برب الأسرة، اذكر | J52: 8
B53: =B45+1 -> 112 | C53: What is your relationship to the main breadwinner of household? | D53: I am the breadwinner (or joint head) of the household | E53: 1 | H53: ما هي علاقتك بالمعيل الرئيسي أو رب الأسرة؟ | I53: أنا معيل \رب الأسرة (أو رب الأسرة المشترك) | J53: 1
D54: Spouse of household breadwinner | E54: 2 | I54: زوج \ زوجة معيل أو رب الأسرة | J54: 2
D55: Son or daughter of household breadwinner | E55: 3 | I55: ابن أو ابنة معيل او رب الأسرة | J55: 3
D56: Son or daughter in law of breadwinner | E56: 4 | I56: زوج ابنة أو زوجة ابن معيل أو رب الأسرة | J56: 4
D57: Parent of breadwinner | E57: 5 | I57: والد معيل \رب الأسرة | J57: 5
D58: Brother or sister of breadwinner | E58: 6 | I58: أخ أو أخت معيل \رب الأسرة | J58: 6
D59: Other relative of breadwinner | E59: 7 | I59: قريب آخر لرب الأسرة | J59: 7
D60: Not directly related to breadwinner, specify | E60: 8 | I60: لا تربطني علاقة مباشرة برب الأسرة، اذكر | J60: 8

Sheet Education
B1: 2. Education | E1: Needs revision | G1: =COUNT(B6:B50) -> 10
B3: Q no | C3: Question | D3: Options | E3: Code | H3: Question (Arabic) | I3: Options (Arabic) | J3: Code (Arabic) | K3: Skip | L3: Constraint
A6: Education | B6: =201 -> 201 | C6: How many boys in the household are between 6-15? | D6: a- now /__/__/
D7: b- before the war started (April 2023) /__/__/
B8: =B6+1 -> 202 | C8: How many boys between 6-15 in the household are currently attending school? | D8: /__/__/
B10: =B8+1 -> 203 | C10: How many of these boys between 6-15 were attending school prior to the start of the war? | D10: /__/__/
B12: =B10+1 -> 204 | C12: How many girls in the household are between 6-15? | D12: a- now /__/__/
D13: b- before the war started (April 2023) /__/__/
B14: =B12+1 -> 205 | C14: How many girls between 6-15 in the household are currently attending school? | D14: /__/__/
B16: =B14+1 -> 206 | C16: How many of these girls between 6-15 were attending school prior to the start of the war? | D16: /__/__/
A18: Ask if some kids are currently attending school | B18: =B16+1 -> 207 | C18: What type of organization manages the school that these kids are currently attending for the 2024/2025 school year? [Multiple answers may apply] | D18: Government | E18: 1
D19: Private religious | E19: 2
D20: Private non-religious | E20: 3
D21: International private | E21: 4
D22: The Community | E22: 5
D23: Other (specify) | E23: 96
A25: Ask if some kids are currently attending school | B25: =B18+1 -> 208 | C25: Approximately, how many days per week did these kids attend on-site classes during the 2024/25 school year? [Specify if multiple answers] | D25: /__/
A27: Ask if some school ages girls or boys are not attendinf school (Q202≠Q201a OR Q204a≠Q205) | B27: =B25+1 -> 209 | C27: What's the main reason why these kids did not attend and sit for the 2024/2025 school year? [Multiple answers may apply] | D27: Displaced, no school available | E27: 1
D28: It was not safe to go to school | E28: 2
D29: School is closed due to armed conflict | E29: 3
D30: School year not started | E30: 4
D31: School building is destroyed | E31: 5
D32: Suffered from disease or injury/Illness | E32: 6
D33: Death of household members | E33: 7
D34: Got married/For marriage/ Pregnacy | E34: 8
D35: Hunger/Family Poverty | E35: 9
D36: No money to pay for school costs | E36: 10
D37: Ethnic based or religious exclusion) | E37: 11
D38: Harassment/injustice at school | E38: 12
D39: Military service | E39: 13
... D46: Don’t know | E46: 98
A47: Ask if some school ages girls or boys are not attendinf school (Q202≠Q201a OR Q204a≠Q205) | B47: =B27+1 -> 210 | C47: Did these kids who are not currently in school participate in any education or learning activities? | D47: Yes | E47: 1
D48: No | E48: 2

Sheet Labor & Income sources
B1: 3. Labor and employment income | E1: Needs revision | G1: =COUNT(B8:B166) -> 19
A4: Relevance | B4: Q no | C4: Question | D4: Options | E4: Code | F4: Question (Arabic) | G4: Options (Arabic) | H4: Code (Arabic) | I4: Skip
C5: Background information | F5: معلومات أساسية
C6: I would like to ask you some background information. | F6: أود أن أسألك عن بعض المعلومات الأساسية
B8: 301 | C8: Of your household members, how many members that are 15 and above worked in the last 7 days? Even if they worked for one hour. | E8: Household members | F8: ضمن أسرتك، كم عدد الأفراد الذين تبلغ أعمارهم 15 عامًا فأكثر ويعملون حاليًا (في آخر ثلاثين يوما)؟ حتى لو اشتغل ساعة واحده. | H8: أفراد أسرة | J8: =CONCATENATE("=< Q",#REF!) -> #REF!
B10: =B8+1 -> 302 | C10: How many of which are female? | F10: أفراد أسرة | H10: كم منهم اناث؟ | J10: =< Q & =<Q
A13: =CONCATENATE("Ask If", " ", 'Demographic characteristics'!B44, " ", " > 0") -> Ask If 110 > 0 | B13: =B10+1 -> 303 | C13: Did any children (younger than 15) in the household work in the last 7 days? Even if they worked for one hour. | D13: Yes | E13: 1 | F13: هل يعمل أي من أطفال الأسرة (أقل من 15 عامًا) حاليًا (في آخر ثلاثين يوما)؟ حتى لو اشتغل ساعة واحده. | G13: نعم | H13: 1
D14: No | E14: 2
A16: if Q113 ≠ 1 | C16: [I would like to ask the remaining questions about the main income earner of your household.] Did the main income earner work in the past 7 days? Even if they worked for one hour. IF YES, PLEASE ASK THE REMAINING QUESTIONS ABOUT THE MAIN INCOME EARNER NOT THE RESPONDENT | D16: Yes | E16: 1 | F16: هل هناك فرد اخر في الاسره يعمل حاليا ويعيل الأسرة، اود ان اطرح بقية الاسئلة عن العامل الرئيسي في الأسرة. (اذا كانت الاجابة بنعم الرجاء قمت بطرح الأسئلة عن المعيل الرئيسي للاسره وليس المجيب على المكالمة.) | G16: نعم | H16: 1
D17: No | E17: 2 | G17: لا | H17: 2 | I17: =CONCATENATE("Skip to ", B27) -> Skip to 305
A19: if Q113 ≠ 1 | B19: 304a | C19: Age of main income earner
A20: if Q113 ≠ 1 | B20: 304b | C20: Gender of main income earner | D20: Codes of Q103
A21: if Q113 ≠ 1 | B21: 304c | C21: Education level of main income earner | D21: Codes of Q106
A22: if Q113 ≠ 1 | B22: 304d | C22: Is the work of the main income earner inside or outside Sudan? | D22: Inside Sudan | E22: 1
D23: Outside Sudan | E23: 2
C25: I would like to ask you about your main work. I will start with the past 7 days.
C26: Past 7 days
A27: ASK ALL | B27: 305 | C27: During the past 7 days, did you do any paid or unpaid work? This could be paid in cash or in-kind, or unpaid for a household business or the business of a household member. This includes working on a farm, working selling something, making handcrafts for sale, washing cars, selling qat, selling meals. | D27: Yes | E27: 1 | G27: نعم | H27: 1
D28: No | E28: 2 | F28: خلال الاثني عشر شهرًا الماضية ، هل قمت بأي عمل؟ قد يكون هذا العمل مدفوع له نقدًا أو عينيًا أو غير مدفوع كمشروع خاص بالأسرة أو أحد أفراد الأسرة. ويشمل ذلك العمل في مزرعة، والعمل في بيع شيء ما ، أوصناعة الأشغال اليدوية لغرض بيعها، أوغسيل السيارات، أوبيع القات، أوبيع الوجبات . | G28: لا | H28: 2 | I28: =CONCATENATE("Skip to ", B68) -> Skip to 311
I29: Unpaid -(NOT DOMESTIC WORK) working for a family business like farming Personal consumption (Children workingon the farm while one person is taking the money from the produce)
B30: =B27+1 -> 306 | C30: Do you have more than one job or type of work? | D30: Yes | E30: 1 | F30: هل لديك أكثر من وظيفة أو أكثر من عمل؟ | G30: نعم | H30: 1
D31: No | E31: 2 | G31: لا | H31: 2 | I31: Skip to
A33: =CONCATENATE("If ", B27,"=1") -> If 305=1 | C33: For my remaining questions I will just ask you about your main work, which would be the one that produces the most income for you. | F33: بالنسبة لأسئلتي المتبقية، سأسألك فقط عن عملك الرئيسي، والذي سيكون عن العمل الذي يُوَلِّدُ لك أكبر دخل.
B35: =B30+1 -> 307 | C35: During the past 7 days were you mainly working as: (READ OPTIONS OUT LOUD) | D35: Wage worker or employee | E35: 1 | F35: "خلال الاثني عشر شهرًا الماضية حيث كنت تعمل بشكل أساسي كـ: (قراءة الخيارات بصوت عالٍ) " | G35: عامل بأجر أو موظف | H35: 1 | I35: Amend all questions to ask about other individula (206) in case the respondent doesn’t work. Amend phrasing
D36: Own-account worker or employer (including household enterprises) | E36: 2 | G36: يعمل لحسابه الخاص أو هو صاحب العمل (بما في ذلك المشاربع الأسرية) | H36: 2
D37: Unpaid family member | E37: 3 | G37: يعمل للأسرة بغير أجر | H37: 3
D38: Other, specify | E38: 4 | G38: غير ذلك، يرجى التحديد | H38: 4
B40: =B35+1 -> 308 | C40: During the past 7 days what type of sector were you working in? (READ OPTIONS OUT LOUD) | D40: Private sector | E40: 1 | F40: "خلال الاثني عشر شهرًا الماضية ، ما هو نوع القطاع الذي كنت تعمل فيه؟ (قراءة الخيارات بصوت عالٍ) " | G40: القطاع الخاص | H40: 1
D41: Public sector/government | E41: 2 | G41: القطاع العام / الحكومة | H41: 2
D42: Mixed sector (for example Sudan construction bank, Sudan mobile, Social Fund for Development) | E42: 3 | G42: قطاع مختلط (على سبيل المثال الخطوط الجوية اليمنية ، ، يمن موبايل ،البنك اليمني للإنشاء والتعمير، الصندوق الاجتماعي للتنمية) | H42: 3 | I42: Combination between private and public
D43: Non-governmental organization or civil society organization | E43: 4 | G43: منظمة غير حكومية أو منظمة مجتمع مدني | H43: 4
D44: International organization | E44: 5 | G44: منظمة دولية | H44: 5
B46: =B40+1 -> 309 | C46: What is the main economic activity of the enterprise that you work at over the past 7 days? | D46: Agriculture, forestry and fishing | E46: 1 | F46: ما هو النشاط الاقتصادي الرئيسي للمؤسسة التي تعمل بها خلال الـ 12 شهرًا الماضية؟ | G46: الزراعة والغابات وصيد الأسماك | H46: 1
D47: Manufacturing, mining and quarrying and other industrial activities | E47: 2 | G47: التصنيع والتعدين واستغلال المحاجر والأنشطة الصناعية الأخرى | H47: 2
D48: Construction | E48: 3 | G48: بناء | H48: 3
D49: Wholesale and retail trade, transportation and storage, accommodation and food service activities | E49: 4 | G49: تجارة الجملة والتجزئة والنقل والتخزين وأنشطة الإقامة والخدمات الغذائية | H49: 4
D50: Information and communication | E50: 5 | G50: المعلومات والاتصال | H50: 5
D51: Financial and insurance activities | E51: 6 | G51: الأنشطة المالية والتأمينية | H51: 6
D52: Real estate activities | E52: 7 | G52: الأنشطة العقارية | H52: 7
D53: Professional, scientific, technical, administrative and support service activities | E53: 8 | G53: الأنشطة المهنية والعلمية والتقنية والإدارية وأنشطة الخدمات المساندة | H53: 8
D54: Public administration and defense, education, human health and social work activities | E54: 9 | G54: الإدارة العامة والدفاع والتعليم وأنشطة صحة الإنسان والعمل الاجتماعي | H54: 9
D55: Other service activities | E55: 10 | G55: أنشطة الخدمات الأخرى | H55: 10
B57: =B46+1 -> 310 | C57: What was the main type of job or work that you were doing at this enterprise over the past 7 days? | D57: Manager | E57: 1 | F57: ما هو النوع الرئيسي للوظيفة أو العمل الذي كنت تقوم به في هذا المشروع خلال الـ 12 شهرًا الماضية؟ | G57: مدير | H57: 1
D58: Professional | E58: 2 | G58: مهني | H58: 2
D59: Technicians and associate professional | E59: 3 | G59: الفنيون والمهنيون المنتسبون | H59: 3
D60: Clerical support workers | E60: 4 | G60: دعم اداري | H60: 4
D61: Service and sales workers | E61: 5 | G61: عامل في الخدمات والمبيعات | H61: 5
D62: Skilled agricultural, forestry and fishery workers | E62: 6 | G62: مختص في الزراعة والغابات وصيد الأسماك | H62: 6
D63: Skilled Craft and related trades workers | E63: 7 | G63: خبير الحرف والتجارة ذات الصلة | H63: 7
D64: Skilled Plant and machine operators and assemblers | E64: 8 | G64: احترافي وخبير المصانع والآلات والعاملون في التجميع | H64: 8
D65: Elementary occupations (Cleaners and helpers, Agricultural, forestry and fishery laborers, labourers in mining, construction, manufacturing, and transport, food preparation assistants, Street and related sales and service workers, Refuse workers and other elementary workers) | E65: 9 | G65: المهن الأولية (عمال النظافة والمساعدين ، عمال الزراعة والحراجة وصيد الأسماك ، والعاملين في التعدين ، والبناء ، والتصنيع ، والنقل ، ومساعدي إعداد الطعام ، وعمال البيع والخدمات في الشوارع ، وعمال النفايات ، والعمال الأساسيين الآخرين) | H65: 9
D66: Other | E66: 10 | G66: اخرى | H66: 10
B68: =B57+1 -> 311 | C68: Were you working before the start of the current conflict ? | D68: Yes | E68: 1 | F68: هل تغير نوع العمل الذي تقوم به منذ ما قبل الصراع 2023؟ | G68: نعم | H68: 1
D69: No | E69: 2 | G69: لا | H69: 2 | I69: =CONCATENATE("Skip to ",#REF!) -> #REF!
D70: Don't know | E70: 98
B72: =B68+1 -> 312 | C72: Before the start of the current conflict, were you mainly working as: (READ OPTIONS OUT LOUD) | D72: Wage worker or employee | E72: 1 | F72: "خلال الاثني عشر شهرًا الماضية حيث كنت تعمل بشكل أساسي كـ: (قراءة الخيارات بصوت عالٍ) " | G72: عامل بأجر أو موظف | H72: 1 | I72: Amend all questions to ask about other individula (206) in case the respondent doesn’t work. Amend phrasing
D73: Own-account worker or employer (including household enterprises) | E73: 2 | G73: يعمل لحسابه الخاص أو هو صاحب العمل (بما في ذلك المشاربع الأسرية) | H73: 2
D74: Unpaid family member | E74: 3 | G74: يعمل للأسرة بغير أجر | H74: 3
D75: Other, specify | E75: 4 | G75: غير ذلك، يرجى التحديد | H75: 4
B77: =B72+1 -> 313 | C77: What was the main economic activity of the enterprise that you worked for before the start of the current conflict? | D77: Agriculture, forestry and fishing | E77: 1 | F77: ما هو النشاط الاقتصادي الرئيسي للمؤسسة التي تعمل بها خلال الـ 12 شهرًا الماضية؟ | G77: الزراعة والغابات وصيد الأسماك | H77: 1
D78: Manufacturing, mining and quarrying and other industrial activities | E78: 2 | G78: التصنيع والتعدين واستغلال المحاجر والأنشطة الصناعية الأخرى | H78: 2
D79: Construction | E79: 3 | G79: بناء | H79: 3
D80: Wholesale and retail trade, transportation and storage, accommodation and food service activities | E80: 4 | G80: تجارة الجملة والتجزئة والنقل والتخزين وأنشطة الإقامة والخدمات الغذائية | H80: 4
D81: Information and communication | E81: 5 | G81: المعلومات والاتصال | H81: 5
D82: Financial and insurance activities | E82: 6 | G82: الأنشطة المالية والتأمينية | H82: 6
D83: Real estate activities | E83: 7 | G83: الأنشطة العقارية | H83: 7
D84: Professional, scientific, technical, administrative and support service activities | E84: 8 | G84: الأنشطة المهنية والعلمية والتقنية والإدارية وأنشطة الخدمات المساندة | H84: 8
D85: Public administration and defense, education, human health and social work activities | E85: 9 | G85: الإدارة العامة والدفاع والتعليم وأنشطة صحة الإنسان والعمل الاجتماعي | H85: 9
D86: Other service activities | E86: 10 | G86: أنشطة الخدمات الأخرى | H86: 10
A88: =CONCATENATE("If ",B35, "=1") -> If 307=1 | C88: If wage worker or employee: | F88: إذا كان العامل أو الموظف بأجر:
B89: =B77+1 -> 314 | C89: What is the status of your job? | D89: Permanent | E89: 1 | F89: ما هو وضع عملك؟ | G89: دائم | H89: 1
D90: Temporary | E90: 2 | G90: مؤقت | H90: 2
D91: Seasonal | E91: 3 | G91: موسمي | H91: 3
D92: Occasional | E92: 4 | G92: عَرَضِي (من حين لآخر) | H92: 4
B94: =B89+1 -> 315 | C94: Since the start of the conflict (April 2023), how often has your payment been delayed? | D94: Always on time | E94: 1 | F94: على مدار الاثني عشر شهرًا الماضية ، كم مرة تأخرت فيها دفعاتك المالية (الرواتب)؟ | G94: تؤدى دائما في الوقت المحدد | H94: 1 | I94: =CONCATENATE("Skip to ",#REF!) -> #REF!
D95: Sometimes it is late (Up to 6 times) | E95: 2 | G95: في بعض الأحيان تتأخر (لحد 6 مرات) | H95: 2
D96: More often that not it is late (More than 6 times) | E96: 3 | G96: تتأخر في معظم الأحيان (أكثر من 6 مرات) | H96: 3
D97: It is always late | E97: 4 | G97: دائما تتأخر | H97: 4
D98: Other, mention | E98: 5 | G98: أخرى (حدد) | H98: 5
D99: Don't know | E99: 98
B101: =B94+1 -> 316 | C101: If your payment has ever been late since the start of the conflict, how late has it usually been? | D101: A couple of days | E101: 1 | F101: إذا كانت دفعتك قد تأخرت خلال الاثني عشر شهرًا الماضية، فكم كانت فترة التأخير عادةً؟ | G101: يومين | H101: 1
D102: A month | E102: 2 | G102: شهر | H102: 2
D103: 1-6 months | E103: 3 | G103: 6-1 شهر | H103: 3
D104: 6-12 months | E104: 4 | G104: 12-6 شهرًا | H104: 4
D105: I have not yet been paid | E105: 5 | G105: لم أتلقى أجري بعد | H105: 5
D106: Don't know | E106: 98
B108: =B101+1 -> 317 | C108: Now, from your household's income sources, can you rank the three most important source? This could include wages, sale of crops, remittances, support from family or friends… SHOULD RECORD THREE IN ORDER OF IMPORTANCE | D108: Wages | E108: 1 | F108: "من بين مصادر دخل أسرتك، هل يمكنك تصنيف أهم ثلاثة مصادر؟ ويمكن أن يشمل ذلك الأجور، وبيع المحاصيل، والتحويلات المالية، والدعم من العائلة أو الأصدقاء ... ينبغي تصنيف المصادر الثلاثة حسب الأهمية " DO NOT READ | G108: الأجور | H108: 1
D109: Profit from non-household based enterprise | E109: 2 | G109: الربح من المشاريع غير المنزلية | H109: 2
D110: Sale of food crops | E110: 3 | G110: بيع المحاصيل الغذائية | H110: 3
D111: Sale of livestock/animal products | E111: 4 | G111: بيع المواشي/المنتجات الحيوانية | H111: 4
D112: Sale of food assistance | E112: 5 | G112: بيع المساعدات الغذائية | H112: 5
D113: Sale of other goods or profit from other household based enterprise (Qat, handicrafts, meals, vegetables, internet services) | E113: 6 | G113: بيع سلع أخرى أو ربح من مشروع منزلي آخر (القات، الأشغال اليدوية، الوجبات، الخضار، خدمات الإنترنت) | H113: 6
D114: Cash transfers from humanitarian agencies | E114: 7
D115: International remittances | E115: 8 | G115: التحويلات الدولية (من خارج اليمن) | H115: 8
D116: National remittances | E116: 9 | G116: التحويلات الداخلية (من داخل اليمن) | H116: 9
D117: Renting of land, buildings or machinery | E117: 10 | G117: تأجير الأراضي أو المباني أو الآلات | H117: 10
D118: Support from family or friends | E118: 11 | G118: دعم من العائلة أو الأصدقاء | H118: 11
D119: Pensions | E119: 12 | G119: المعاشات التقاعدية | H119: 12
D120: Other social benefits | E120: 13 | G120: الفوائد الاجتماعية الأخرى | H120: 13 | I120: Rephrase in Arabic- Other Social Benefits
D121: Begging | E121: 14 | G121: التسول | H121: 14
...

Sheet Food Security
B1: 4. Food Security and Water | F1: Needs revision | G1: =COUNT(B6:B66)+1 -> 15
C3: =2+2 -> 4
A4: Relevance | B4: Q no | C4: Question | D4: Options | E4: Code
B6: =401 -> 401 | C6: Over the last 3 months, has household income been enough to cover food costs so that no family member has to go hungry at the end of the day? | D6: Yes, absolutely | E6: 1 | F6: على مدى الأشهر الثلاثة الماضية، هل كان دخل الأسرة كافياً لتغطية تكاليف الطعام حتى لا يعاني أي فرد من أفراد الأسرة من الجوع في نهاية اليوم؟ | G6: نعم بالتاكيد
D7: Yes, somewhat | E7: 2 | G7: نعم إلى حد ما
D8: No, not realy | E8: 3 | G8: لا ليس بالفعل
D9: Not at all | E9: 4 | G9: كلا على الاطلاق
B12: =B6+1 -> 402 | C12: Have you received food supplies or assistance from external entities? | D12: Yes | E12: 1
D13: No | E13: 2 | H13: =CONCATENATE("Skip to", " ",B25) -> Skip to 405
B15: =B12+1 -> 403 | C15: When did you last receive food assistance? If never received food assistance, skip to sQ405 (Food Sources) | D15: Never received food assistance | E15: 1 | F15: لم يتلق أي مساعدات غذائية
A16: =CONCATENATE("If", " ", B12,"=1") -> If 402=1 | D16: Less than a month ago | E16: 2 | F16: قبل أقل من شهر
D17: Between 1 and 3 months ago | E17: 3 | F17: قبل شهر إلى ثلاثة أشهر
D18: More than 3 months ago | E18: 4 | F18: قبل أكثر من ثلاثة أشهر
B20: =B15+1 -> 404 | C20: In which form did you receive food assistance? (Check all that apply) | D20: In-kind | E20: 1 | F20: عيني
D21: Cash | E21: 2 | F21: نقدي
D22: Vouchers | E22: 3 | F22: قسائم او كوبونات
F24: Food source codes | I24: رموز مصادر الغذاء | L24: مصدر الغذاء الرئيسي: من أين تحصل على طعامك بشكل أساسي؟
B25: =B20+1 -> 405 | C25: Main food source: Where do you primarily get your food from? | F25: 1 = Own production (crops, animals) | I25: الإنتاج الذاتي (محاصيل، حيوانات) | L25: (أدخل الرمز من القائمة أدناه)
C26: (Insert code from the list below) | F26: 2 = Fishing / Hunting | I26: الصيد / القنص
F27: 3 = Gathering | I27: التجميع
F28: 4 = Loan | I28: القرض
F29: 5 = Market (purchase on cash) | I29: السوق (شراء نقدًا)
F30: 6 = Market (purchase on credit) | I30: السوق (شراء بالائتمان)
F31: 7 = Beg for food | I31: التسول للحصول على الطعام
F32: 8 = Exchange labor or items for food | I32: تبادل العمل أو الأشياء مقابل الطعام
F33: 9 = Gift (food) from family/relatives | I33: هدية (طعام) من العائلة / الأقارب
F34: 10= Food aid (NGOs, WFP) | I34: المساعدة الغذائية (منظمات غير حكومية، برنامج الأغذية العالمي)
C35: Section 3: Food Consumption (Past 7 days) For the following questions, please indicate the number of days your household consumed the specified food items in the past 7 days: | L35: القسم ٣: استهلاك الطعام (الـ٧ أيام الماضية) بالنسبة للأسئلة التالية، يرجى الإشارة إلى عدد الأيام التي استهلكت فيها أسرتك المواد الغذائية المحددة في الأيام الـ٧ الماضية:
B36: =B25+1 -> 406 | C36: Main staple starches, including cereals, grains, tubers and/or roots (such as potatoes, rice, pasta, bread, wheat flour, or other grains/cereals) | E36: Days | J36: الايام | L36: البقوليات، والمكسرات، و/أو البذور (بما في ذلك الفول، الفاصوليا، البازلاء، الفول السوداني، العدس أو غيرها)
B37: =B36+1 -> 407 | C37: Pulses, nuts, and/or seeds (Including beans, fava bean, peas, peanuts, lentils or others) | E37: Days | J37: الايام | L37: البقوليات، والمكسرات، و/أو البذور (بما في ذلك الفاصوليا، الفول، البازلاء، الفول السوداني، العدس أو غيرها)
B39: =B37+1 -> 408 | C39: Vegetables and/or leaves (including carrots, tomatoes, cucumbers, red peppers, pumpkin, kale, jarjir, onions, broccoli, spinach, lettuce or other vegetables) | E39: Days | J39: الايام | L39: الخضروات و/أو الأوراق (بما في ذلك الجزر، الطماطم، الخيار، الفلفل الأحمر، القرع، الكالي، الجرجير، البصل، البروكلي، السبانخ، الخس أو غيرها من الخضروات)
B41: =B39+1 -> 409 | C41: Fruits (including citrus fruits such as oranges and limes, apricots, apples, dates, tangerine and other fruits) | E41: Days | J41: الايام | L41: الفواكه (بما في ذلك الفواكه الحمضية مثل البرتقال والليمون، والمشمش، والتفاح، والتمور، واليوسفي وغيرها من الفواكه)
B43: =B41+1 -> 410 | C43: Meat, eggs and/or fish or other seafood as a main dish, so not as a condiment | E43: Days | L43: اللحوم، البيض و/أو الأسماك أو المأكولات البحرية الأخرى كطبق رئيسي، وليس كمُكمل غذائي
B45: =B43+1 -> 411 | C45: In the past 7 days, how many days did your household consume a substantial amount of milk (powdered or fresh) or other dairy products (including yogurt/Kefir, cheese, curd, condensed milk, sour cream or others)? (Excluding butter) | E45: Days | J45: الايام | L45: في الأيام الـ7 الماضية، كم عدد الأيام التي استهلكت فيها أسرتك كمية كبيرة من الحليب (مسحوق أو طازج) أو منتجات الألبان الأخرى (بما في ذلك الزبادي/الكفير، الجبن، اللبن الرائب، الحليب المكثف، الكريمة الحامضة أو غيرها)؟ (باستثناء الزبدة)
B47: =B45+1 -> 412 | C47: In the past 7 days, how many days did your household eat oil, fat or butter? (Including vegetable oil, palm oil, margarine, other fats / oil) | E47: Days | L47: في الأيام الـ7 الماضية، كم عدد الأيام التي استهلكت فيها أسرتك الزيت، أو الدهن، أو الزبدة؟ (بما في ذلك زيت النبات، زيت النخيل، السمن، أو الدهون/الزيوت الأخرى
B49: =B47+1 -> 413 | C49: In the past 7 days, how many days did your household consumed sugar or sweets? (Sugar, honey, jam, cakes, candy, cookies, sugary drinks, other) | E49: Days | J49: الايام | L49: في الأيام الـ7 الماضية، كم عدد الأيام التي استهلكت فيها أسرتك السكر أو الحلويات؟ (السكر، العسل، المربى، الكعك، الحلوى، البسكويت، المشروبات السكرية، أو غيرها
B51: =B49+1 -> 414 | C51: 414 a- During the past 30 days, did anyone in your household have to engage in any following actions due to a lack of food or a lack of money to buy food? | D51: CODE | F51: 414 b- If no, why?
F52: 1 = No, because it wasn't necessary
D53: 1= Yes | F53: 2 = No, because I already aplied this strategy i.e (read strategy... ) and I cannot continue to do
D54: 2= No | F54: 3 = N.A. (I did not have animals/Assets in the first place; Not socially acceptable)
D55: 3 = Don't know | F55: 4 = Other (to be precised).
D56: CODE | F56: CODE
C57: 1. Sold household assets/goods (radio, furniture, refrigerator, television, jewelry etc.) | D57: /__/ | F57: /__/
C58: 2. Reduced non-food expenses on health (including drugs) and education | D58: /__/ | F58: /__/
C59: 3. Sold productive assets or means of transport (sewing machine, wheelbarrow, bicycle, car, etc.) | D59: /__/ | F59: /__/
C60: 4. Spent savings | D60: /__/ | F60: /__/
C61: 5. Borrowed money / food from a formal lender / bank | D61: /__/ | F61: /__/
C62: 6. Sold house or land | D62: /__/ | F62: /__/
C63: 7. Withdrew children from school | D63: /__/ | F63: /__/
C64: 9. Begging | D64: /__/ | F64: /__/
C65: 8. Sold last female animals | D65: /__/ | F65: /__/
C66: 10 Sold more animals (non-productive) than usual | D66: /__/ | F66: /__/

Sheet Housing
A1: 5 | B1: Household Housing | G1: =COUNT(A3:A103)+COUNT(K2:K156) -> 27
A3: =A1+0.01 -> 5.01 | B3: What type of dwelling does this household live in? (mark only one) | K3: =A90+0.01 -> 5.11 | L3: In the last month, how many hours of electricity were available each day on average (if 5.10=4)?
B4: 1 Tent
B5: 2 Dwelling of straw mats | M5: Number of days per week
B6: 3 Tukul/gottiya-mud | M6: Number of hours
B7: 4 Tukul/gottiya-sticks
B8: 5 Makeshift shelter | K8: =K3+0.01 -> 5.12 | L8: Before the current conflict, how many hours of electricity were available each day on average?
B9: 6 Flat or apartment
B10: 7 Villa | G10: /__/__/ | M10: Number of days per week
B11: 8 House of one floor-mud | M11: Number of hours
B12: 9 House of one floor-brick/concrete
B13: 10 House constructed of wood | K13: =K8+0.01 -> 5.13 | L13: What is the main source of drinking water for this household?
B14: 11 Multi-storey house
B15: 12 Incomplete | L15: 1 | M15: Public tap/standpipe
L16: 2 | M16: Handpumps/boreholes
L17: 3 | M17: Protected well
A18: =A3+0.01 -> 5.02 | B18: What is floor material? | L18: 4 | M18: Unprotected well
B19: 1 Ceramic | L19: 5 | M19: Water seller/kiosks
B20: 2 Tile/ Bulat | L20: 6 | M20: Piped connection to house (or neighbor's house)
B21: 3 Burnt Bricks and cement | G21: /__/ | L21: 7 | M21: Protected spring | P21: /__/
B22: 4 Earth | L22: 8 | M22: Unprotected spring
B23: 5 Other | L23: 9 | M23: Rain water collection
L24: 10 | M24: Bottled water, water sachets
A25: =A18+0.01 -> 5.03 | B25: What is wall material? | L25: 11 | M25: Tanker trucks
B26: 1. Green (mud) brick / clay | L26: 12 | M26: Surface water (lake, pond, dam, river)
B27: 2. Red brick / stone | L27: 13 | M27: Other (please specify)
B28: 3. Block bricks (cement and sand) | L28: 14 | M28: Don’t know
B29: 4. Wood and tree branches | G29: /__/
B30: 5. Reinforced concrete (cement) | K30: =K13+0.01 -> 5.14 | L30: Where is the drinking water collected from? Please read the responses
B31: 6. There are no walls for the residence | L31: 1 | M31: In own dwelling
B32: 97. Other | L32: 2 | M32: In own land (yard, plot)
L33: 3 | M33: Elsewhere
A34: =A25+0.01 -> 5.04 | B34: What is roof material?
B35: 1. Straw | K35: =K30+0.01 -> 5.15 | L35: How long does it take to go there, get drinking water, and come back?(For enumerator: including waiting time)
B36: 2. Green (mud) brick/clay | L36: 1 | M36: Members do not collect water
B37: 3. Wood boards | L37: Minutes | M37: /__/__/
B38: 4. Steel (galvanised) | G38: /__/ | L38: 98 | M38: Don't know
B39: 5. Reinforced concrete (cement)
B40: 6. Tiles and slabs (red brick) | K40: =K35+0.01 -> 5.16 | L40: Over the last month, which of the following challenges have you faced in accessing drinking water? Multiple response possible
B41: 97. Other | L41: 1 | M41: Water source has dried up or empty
L42: 2 | M42: Waiting time is too long
A43: =A34+0.01 -> 5.05 | B43: How many rooms does this household have total? | L43: 3 | M43: Unpredictable and irregular supply of water
E44: Number of rooms | L44: 4 | M44: Transportation costs to access water source are too high
L45: 5 | M45: Access to water source is difficult because of security situation
A46: =A43+0.01 -> 5.06 | B46: How many rooms are used for sleeping indoors? | L46: 6 | M46: Water is too expensive
E47: Number of rooms | L47: 7 | M47: Water quality was not good
L48: 8 | M48: Water source is too far away
A49: =A46+0.01 -> 5.07 | B49: What is the main tenure status of this dwelling? | L49: 9 | M49: Other (specify)
B50: 1- Owned | L50: 10 | M50: No challenges
B51: 1- Rented, furnished | E51: >> 2.08
B52: 2- Rented, unfurnished | E52: >> 2.08 | G52: /__/ | K52: =K40+0.01 -> 5.17 | L52: Before the conflict, what was the main source of drinking water for this household?
B53: 3-Housing provided as part of work
B54: 4-Fringe benefit from job | L54: 1 | M54: Public tap/standpipe
B55: 5-Gift | L55: 2 | M55: Handpumps/boreholes
B56: 6-Inherited | L56: 3 | M56: Protected well
B57: 7-Temoprary Living with family members | L57: 4 | M57: Unprotected well
B58: 8-Hoisted for free | L58: 5 | M58: Water seller/kiosks
B59: 9-No occupancy arrangement | L59: 6 | M59: Piped connection to house (or neighbor's house)
L60: 7 | M60: Protected spring | P60: /__/
A61: =A49+0.01 -> 5.08 | B61: Before the conflict (April 2023), what type of dwelling did this household live in? (mark only one) | L61: 8 | M61: Unprotected spring
B62: 1 Tent | L62: 9 | M62: Rain water collection
B63: 2 Dwelling of straw mats | L63: 10 | M63: Bottled water, water sachets
B64: 3 Tukul/gottiya-mud | L64: 11 | M64: Tanker trucks
B65: 4 Tukul/gottiya-sticks | L65: 12 | M65: Surface water (lake, pond, dam, river)
B66: 5 Makeshift shelter | L66: 13 | M66: Other (please specify)
B67: 6 Flat or apartment | L67: 14 | M67: Don’t know
B68: 7 Villa | G68: /__/__/
B69: 8 House of one floor-mud | K69: =K52+0.01 -> 5.18 | L69: Before the conflict, where was the drinking water collected from? Please read the responses
B70: 9 House of one floor-brick/concrete | L70: 1 | M70: In own dwelling
B71: 10 House constructed of wood | L71: 2 | M71: In own land (yard, plot)
B72: 11 Multi-storey house | L72: 3 | M72: Elsewhere
B73: 12 Incomplete
K74: =K69+0.01 -> 5.19 | L74: Before the conflict, how long did it take to go there, get drinking water, and come back?(For enumerator: including waiting time)
L75: 1 | M75: Members did not collect water
A76: =A61+0.01 -> 5.09 | B76: What type of fuel or energy source does this household use most of the time for lighting? | L76: Minutes | M76: /__/__/
L77: 98 | M77: Don't know
B78: 1 Public electricity
B79: 2 Private electricity (generator)
B80: 3 Gas | K80: =K74+0.01 -> 5.2 | L80: Before the conflict, which of the following challenges did you face in accessing drinking water? Multiple response possible
B81: 4 Paraffin lantern | L81: 1 | M81: Water source has dried up or empty
B82: 5 Paraffin lamp | L82: 2 | M82: Waiting time is too long
B83: 6 Firewood | F83: /__/ | L83: 3 | M83: Unpredictable and irregular supply of water
B84: 7 Grass | L84: 4 | M84: Transportation costs to access water source are too high
B85: 8 Candle wax | L85: 5 | M85: Access to water source is difficult because of security situation
B86: 9 Solar power | L86: 6 | M86: Water is too expensive
B87: 10 Biogas | L87: 7 | M87: Water quality was not good
B88: 11 No lighting | L88: 8 | M88: Water source is too far away
L89: 9 | M89: Other (specify)
A90: =A76+0.01 -> 5.1 | B90: What type of fuel or energy source does this household use most of the time for cooking? | L90: 10 | M90: No challenges
B92: 1 Firewood | K92: =K80+0.01 -> 5.21 | L92: In the last month, has there been any time when your household did not have sufficient quantities of drinking water when needed?
B93: 2 Charcoal
B94: 3 Gas | L94: 1 | M94: Yes, at least once
B95: 4 Electricity | F95: /__/ | L95: 2 | M95: No, always sufficient | P95: /__/
B96: 5 Paraffin | L96: 3 | M96: Don't know
B97: 6 Cow dung/Animal Waste
B98: 7 Grass/Straw | K98: =K92+0.01 -> 5.22 | L98: Before the current conflict, has there been any time when your household did not have sufficient quantities of drinking water when needed?
B99: 8 Biogas | L99: 1 | M99: Yes, at least once
B100: 9 Solar | L100: 1 | M100: Yes, at least once
B101: 10 Generator | L101: 2 | M101: No, always sufficient | P101: /__/
B102: 11 Battery (recharcheable/dry cell torch) | L102: 3 | M102: Don't know
...

Sheet Harm&Health
A1: 8 | B1: Section 8: Harm and Health | G1: =COUNT(B9:AE9) -> 13
A4: Section 8: harm and health (Unit of Analysis: Household level)
J5: Mortality | Q5: Medicine | U5: Health service
B9: =A1+0.01 -> 8.01 | D9: =B9+0.01 -> 8.02 | F9: =D9+0.01 -> 8.03 | J9: =F9+0.01 -> 8.04 | L9: =J9+0.01 -> 8.05 | N9: =L9+0.01 -> 8.06 | P9: =N9+0.01 -> 8.07 | Q9: =P9+0.01 -> 8.08 | T9: =Q9+0.01 -> 8.09 | U9: =T9+0.01 -> 8.1 | X9: =U9+0.01 -> 8.11 | AA9: =X9+0.01 -> 8.12 | AD9: =AA9+0.01 -> 8.13
A10: Do you consider [type of abuse] as violence? (MULTIPLE ANSWERS) | C10: Since the war started, have people in your household experienced any of the following? (MULTIPLE ANSWERS) | F10: When was the harm inflicted for the first time? | I10: Since the war started (April 2023), has anyone in your household passed away? | K10: If yes, how many persons? | M10: If yes, how old was (were) this person (these persons) at time of death? | O10: For each death, what do you think was the cause of death? | Q10: During the last 7 days, has anyone in your household been unable to buy Medicine? | S10: Why was your household not able to buy Medicine? | U10: Have you or any member of your household needed medical treatment since last month? | W10: What type of services did you or any member of your household need? [DO NOT READ OUT] [SELECT ALL THAT APPLY] | Z10: Were you or the member of your household able to access the [SERVICE]? -ASK THIS QUESTION FOR EACH SERVICE SELECTED] | AC10: What was the main reason that this person was unable to access medical services? [DO NOT PROMPT, SINGLE RESPONSE]
F12: Month | G12: Year
A13: 1 | B13: Physical | C13: 1 | D13: NONE OF THE BELOW (if no, skip to 8.07) | I13: 1 | J13: Yes | L13: /__/ | M13: 1- | N13: /__/__/ | O13: 1- | P13: Old age | Q13: 1 | R13: Yes | S13: 1 | T13: UNAVAILABLE/OUT OF STOCK | U13: Yes | W13: 1 | X13: FAMILY PLANNING | Z13: 1 | AA13: Yes | AC13: 1 | AD13: LACK OF MONEY
A14: 2 | B14: Verbal | C14: 2 | D14: Was verbally threatened | E14: /__/ | F14: /__/__/ | G14: /__/__/__/__/ | I14: 2 | J14: NO | M14: 2- | N14: /__/__/ | O14: 2- | P14: Traffic accident | Q14: 2 | R14: NO | S14: 2 | T14: LOCAL PHARMACIES CLOSED | U14: NO >> next section | W14: 2 | X14: VACCINATION | Z14: 2 | AA14: NO | AC14: 2 | AD14: NO MEDICAL PERSONNEL AVAILABLE
A15: 3 | B15: Psychological | C15: 3 | D15: Was threatened with knife, gun or other type of weapon | E15: /__/ | F15: /__/__/ | G15: /__/__/__/__/ | O15: 3- | P15: Disease/illness | Q15: 3 | R15: NOT NEEDED | S15: 3 | T15: AFRAID TO GO OUTSIDE | W15: 3 | X15: MATERNAL HEALTH/ PREGNANCY CARE | AC15: 3 | AD15: TURNED AWAY BECAUSE FACILITY WAS FULL
A16: 4 | B16: Sexual | C16: 4 | D16: Was beaten/assaulted/kicked | E16: /__/ | F16: /__/__/ | G16: /__/__/__/__/ | O16: 4- | P16: Killed because of the war | S16: 4 | T16: INCREASE IN PRICE | W16: 4 | X16: CHILD HEALTH | AC16: 4 | AD16: FACILITY CLOSED
A17: 99 | B17: Refuse to answer | C17: 5 | D17: Was injured in violence | E17: /__/ | F17: /__/__/ | G17: /__/__/__/__/ | O17: 5- | P17: Lack of food | S17: 5 | T17: LACK OF MONEY | W17: 5 | X17: ADULT HEALTH | AC17: 5 | AD17: LIMITED/NO TRANSPORTATION
C18: 6 | D18: Was forced to labour | E18: /__/ | F18: /__/__/ | G18: /__/__/__/__/ | O18: 6- | P18: Other (Specify) | S18: 6 | T18: SECURITY CONCERNS/ARMED CONFLICT | W18: 6 | X18: EMERGENCY CARE | AC18: 6 | AD18: AFRAID TO GO OUTSIDE
C19: 7 | D19: Was kidnapped/abducted | E19: /__/ | F19: /__/__/ | G19: /__/__/__/__/ | S19: 7 | T19: OTHER, SPECIFY | W19: 7 | X19: DENTAL CARE | AC19: 7 | AD19: SECURITY CONCERNS/ARMED CONFLICT
C20: 8 | D20: Was extorted for money or other goods | E20: /__/ | F20: /__/__/ | G20: /__/__/__/__/ | W20: 8 | X20: OTHER, SPECIFY | AC20: 8 | AD20: OTHER, SPECIFY
C21: 88 | D21: Don’t know | E21: /__/ | F21: /__/__/ | G21: /__/__/__/__/
C22: 99 | D22: Others, please specify | E22: /__/ | F22: /__/__/ | G22: /__/__/__/__/
C49: ici

Sheet Questionnaire length
E1: Count Per Section after revision
B2: Section | C2: Initial # of questions | D2: Max vs initial questions | E2: Max # of questions in the section | F2: Min # of questions with skips | G2: Comments
A3: Demographic Characteristics | B3: Mandatory | C3: ='Demographic characteristics'!G1 -> 12 | D3: =E3-C3 -> 0 | E3: =C3 -> 12
A4: Labor & Income | B4: Mandatory | C4: ='Labor & Income sources'!G1 -> 19 | D4: =E4-C4 -> 0 | E4: =C4 -> 19
A5: Food Security | B5: Mandatory | C5: ='Food Security'!G1 -> 15 | D5: =E5-C5 -> 0 | E5: =C5 -> 15
A6: Housing | B6: Mandatory | C6: =Housing!G1 -> 27 | D6: =E6-C6 -> 0 | E6: =C6 -> 27
A7: Harm&Health | B7: Mandatory | C7: ='Harm&Health'!G1 -> 13 | D7: =E7-C7 -> 0 | E7: =C7 -> 13
A8: Education | B8: Mandatory | C8: =Education!G1 -> 10 | D8: =E8-C8 -> 0 | E8: =C8 -> 10
A10: Firm 1 | C10: =C3+C4+C5+C6+C7+C8 -> 96 | D10: =E10-C10 -> 0 | E10: =C10 -> 96

Sheet Sheet2
